Machettes vs High Goats
Created - 11 mai 2013 at 21:47
Goals
|
| Machettes |
2 |
1 |
0 |
0 |
1 |
4 |
| High Goats |
0 |
2 |
1 |
0 |
0 |
3 |
|
Shots
|
| Machettes |
10 |
10 |
11 |
0 |
3 |
31 |
| High Goats |
6 |
13 |
15 |
1 |
3 |
35 |
|
1st period
1. Machettes , Eric Godard 8 (Pavel Vorobiev) at 4:13
2. Machettes , Tom Gilbert 15 (Pavel Vorobiev, John Mitchell) at 13:31 (PP)
Penalties :
Eric Godard (CLM) for Slashing (Minor) at 2:07, Jesse Winchester (Buc) for High sticking (Minor) at 9:50, Arturs Kulda (Buc) for Tripping (Minor) at 12:36, Pavel Brendl (Buc) for Diving (Minor) at 13:44
2nd period
3. Machettes , Eric Godard 9 (Pavel Vorobiev, Keith Yandle) at 6:05
4. High Goats , Antti Laaksonen 11 (Chris Stewart, Jesse Winchester) at 7:32
5. High Goats , Craig Weller 42 (Nick Bonino, Matt Taormina) at 8:02
Penalties :
Dustin Jeffrey (CLM) for Boarding (Minor) at 3:48, Petteri Wirtanen (Buc) for Slashing (Minor) at 10:21, Keith Yandle (CLM) for Roughing (Minor) at 10:21, Jesse Winchester (Buc) for Tripping (Minor) at 16:06
3rd period
6. High Goats , Matt Frattin 3 (Sami Lepisto, Petteri Wirtanen) at 18:04
Penalties :
Sergei Kostitsyn (CLM) for Hooking (Minor) at 3:35, Dustin Jeffrey (CLM) for Slashing (Minor) at 8:38, Joël Perrault (Buc) for Hooking (Minor) at 14:07
Overtime #1
No Goal
Penalties :
No Penalty
Shootout
Penalty Shot by Eric Godard for Machettes - Stopped by Al Montoya
Penalty Shot by Pavel Brendl for High Goats - Stopped by Mathieu Garon
Penalty Shot by Pavel Vorobiev for Machettes - Stopped by Al Montoya
Penalty Shot by Chris Stewart for High Goats - Stopped by Mathieu Garon
Penalty Shot by Stefan Ruzicka for Machettes - Goal!
Penalty Shot by Craig Weller for High Goats - Shot Misses the Net
Penalties :
No Penalty
Goalie Stats
Mathieu Garon (CLM), 32 saves from 35 shots - (0,914), W, 34-18-7, 65:00 minutes
Al Montoya (Buc), 28 saves from 31 shots - (0,903), OTL, 14-14-3, 65:00 minutes
Players Stats for Machettes
Player Name G A P +/- PIM S H SB GA TA FO MP PP MP PK MP
------------------------------------------------------------------------------------
Alex Plante 0 0 0 0 0 0 0 0 0 0 0/0 5:17 0:00 0:00
Alexandre Picard 0 0 0 -1 0 1 4 0 0 0 0/0 21:52 3:25 3:34
Andrew Orpik 0 0 0 0 0 0 0 0 0 0 0/0 9:55 0:00 0:00
Ben Blood 0 0 0 0 0 0 0 0 0 0 0/0 3:08 0:00 0:00
Brett Carson 0 0 0 0 0 2 0 1 0 1 0/0 8:22 0:00 0:00
Cory Emmerton 0 0 0 0 0 1 1 0 0 1 1/4 9:07 0:39 0:00
Dustin Jeffrey 0 0 0 1 4 0 0 0 0 0 0/0 6:56 0:00 0:00
Eric Godard 2 0 2 0 2 3 3 0 0 2 3/10 23:55 3:35 3:02
James Wisniewski 0 0 0 0 0 2 0 3 1 0 0/0 30:50 5:26 4:22
John Mitchell 0 1 1 -1 0 2 3 0 0 0 9/25 14:52 4:24 0:21
Jonathan Matsumoto 0 0 0 0 0 5 1 0 0 0 4/9 12:31 0:39 0:00
Keith Yandle 0 1 1 -1 2 1 0 2 1 0 0/0 19:47 3:25 3:34
Luca Caputi 0 0 0 0 0 0 0 0 0 0 0/0 0:00 0:00 0:00
Matt Keith 0 0 0 0 0 0 0 0 0 0 0/0 2:04 0:52 0:00
Michal Repik 0 0 0 0 0 0 0 0 0 0 0/0 0:00 0:00 0:00
Pavel Vorobiev 0 3 3 1 0 5 2 0 2 0 1/1 22:34 4:24 4:08
Peter Olvecky 0 0 0 -1 0 0 1 2 0 0 2/2 16:45 4:24 1:31
Petri Kontiola 0 0 0 -2 0 1 3 1 1 1 10/20 16:59 3:35 0:00
Rick Schofield 0 0 0 0 0 0 0 0 0 0 0/0 0:00 0:00 0:00
Sergei Kostitsyn 0 0 0 -2 2 2 1 1 0 0 0/0 17:06 3:35 0:00
Stefan Ruzicka 0 0 0 0 0 2 0 0 0 0 1/2 13:37 0:00 2:17
Stephane Da Costa 0 0 0 0 0 0 0 0 0 0 0/0 0:13 0:13 0:00
Steven Goertzen 0 0 0 0 0 0 0 0 0 0 0/0 10:41 0:00 2:17
Tom Gilbert 1 0 1 0 0 4 1 5 2 0 0/0 30:50 5:26 4:22
Tyler McNeely 0 0 0 1 0 0 3 0 0 0 2/3 12:39 0:13 2:16
Players Stats for High Goats
Player Name G A P +/- PIM S H SB GA TA FO MP PP MP PK MP
------------------------------------------------------------------------------------
Anton Stralman 0 0 0 0 0 2 3 3 1 2 0/0 32:04 4:49 6:05
Antti Laaksonen 1 0 1 1 0 4 2 1 0 1 0/0 20:36 4:34 3:51
Arturs Kulda 0 0 0 1 2 1 0 2 0 2 0/0 15:25 0:00 3:13
Brandon Bollig 0 0 0 -1 0 1 2 1 0 0 0/0 12:14 0:02 0:29
Chris Stewart 0 1 1 1 0 4 1 0 2 0 0/0 20:16 4:34 0:00
Craig Weller 1 0 1 -1 0 9 2 1 0 0 1/1 14:38 0:05 2:45
Drayson Bowman 0 0 0 1 0 0 1 1 0 0 0/0 5:53 0:00 0:00
Gord Baldwin 0 0 0 0 0 1 1 1 0 1 0/0 18:38 0:00 2:20
Jesse Winchester 0 1 1 1 4 3 2 1 1 0 21/31 22:56 4:20 1:45
Jiri Tlusty 0 0 0 0 0 0 0 1 0 0 0/1 17:25 3:17 1:46
Joël Perrault 0 0 0 0 2 3 2 0 0 0 6/12 17:41 3:17 0:31
Matt Frattin 1 0 1 1 0 1 2 0 0 0 0/0 5:53 0:00 0:00
Matt Taormina 0 1 1 1 0 0 0 0 1 0 0/0 14:15 3:07 0:00
Nick Bonino 0 1 1 -1 0 2 1 0 0 0 5/12 14:33 0:22 1:36
Pavel Brendl 0 0 0 0 2 2 3 0 0 0 0/1 15:53 3:17 0:00
Petteri Wirtanen 0 1 1 1 2 0 0 0 0 0 10/18 11:07 0:00 4:59
Sami Lepisto 0 1 1 0 0 1 2 2 0 0 0/0 32:01 4:49 6:04
Thomas Hickey 0 0 0 0 0 1 0 0 0 1 0/0 17:36 3:07 0:00
3 Stars
1 - Pavel Vorobiev (CLM)
2 - Eric Godard (CLM)
3 - Antti Laaksonen (Buc)
Power Play
Machettes - 1 on 5 Attempt(s) - 20,00%
High Goats - 0 on 4 Attempt(s) - 0,00%
Penalty Kill
Machettes - 4 on 4 Attempt(s) - 100,00%
- Score 0 goal in Penalty Kill
High Goats - 4 on 5 Attempt(s) - 80,00%
- Score 0 goal in Penalty Kill
Official
Referees : Furlatt Eric and Martell Rob
Linesman : Pierre Champoux and Don Henderson
Game Notes
Brett Carson is injured at 6:06 of 3rd period (Torso)
Machettes
5 vs 5 Forward
Center Left Wing Right Wing Time % Phy DF OF
1 Petri Kontiola Sergei Kostitsyn Eric Godard 40 1 2 2
2 John Mitchell Peter Olvecky Pavel Vorobiev 30 1 2 2
3 Jonathan Matsumoto Tyler McNeely Stefan Ruzicka 20 1 2 2
4 Cory Emmerton Dustin Jeffrey Steven Goertzen 10 1 2 2
5 vs 5 Defense
Defense Defense Time % Phy DF OF
1 Tom Gilbert James Wisniewski 40 1 2 2
2 Alexandre Picard Keith Yandle 30 1 2 2
3 Brett Carson Andrew Orpik 20 1 2 2
4 Alex Plante Ben Blood 10 1 2 2
PowerPlay Forward
Center Left Wing Right Wing Time % Phy DF OF
1 Petri Kontiola Sergei Kostitsyn Eric Godard 60 1 2 2
2 John Mitchell Peter Olvecky Pavel Vorobiev 40 1 2 2
PowerPlay Defense
Defense Defense Time % Phy DF OF
1 Tom Gilbert James Wisniewski 60 1 2 2
2 Alexandre Picard Keith Yandle 40 1 2 2
Penalty Kill 4 Players Forward
Center Wing Time % Phy DF OF
1 Eric Godard Pavel Vorobiev 60 1 2 2
2 Stefan Ruzicka Steven Goertzen 40 1 2 2
Penalty Kill 4 Players Defense
Defense Defense Time % Phy DF OF
1 Tom Gilbert James Wisniewski 60 1 2 2
2 Alexandre Picard Keith Yandle 40 1 2 2
Penalty Kill - 3 Players Forward
Forward Time % Phy DF OF
1 Eric Godard 60 1 2 2
2 Pavel Vorobiev 40 1 2 2
Penalty Kill - 3 Players Defense
Defense Defense Time % Phy DF OF
1 Tom Gilbert James Wisniewski 60 1 2 2
2 Alexandre Picard Keith Yandle 40 1 2 2
4 vs 4 Forward
Center Wing Time % Phy DF OF
1 Eric Godard Pavel Vorobiev 60 1 2 2
2 Stefan Ruzicka Steven Goertzen 40 1 2 2
4 vs 4 Defense
Defense Defense Time % Phy DF OF
1 Tom Gilbert James Wisniewski 60 1 2 2
2 Alexandre Picard Keith Yandle 40 1 2 2
Last Minutes Offensive
Center Left Wing Right Wing Defense Defense
Petri Kontiola Sergei Kostitsyn Eric Godard Tom Gilbert James Wisniewski
Last Minutes Defensive
Center Left Wing Right Wing Defense Defense
Petri Kontiola Sergei Kostitsyn Eric Godard Tom Gilbert James Wisniewski
Goaltenders
Starting : Mathieu Garon
Backup : Marek Schwarz
Extra Forwards
Normal : Jonathan Matsumoto, Cory Emmerton, Tyler McNeely - PP : Jonathan Matsumoto, Cory Emmerton - PK : Tyler McNeely
Extra Defensemen
Normal : Brett Carson, Andrew Orpik, Alex Plante - PP : Brett Carson - PK : Andrew Orpik, Alex Plante
Penalty Shots
Eric Godard, Pavel Vorobiev, Stefan Ruzicka, Steven Goertzen, Petri Kontiola
High Goats
5 vs 5 Forward
Center Left Wing Right Wing Time % Phy DF OF
1 Jesse Winchester Antti Laaksonen Chris Stewart 40 1 2 2
2 Joël Perrault Jiri Tlusty Pavel Brendl 30 1 2 2
3 Nick Bonino Brandon Bollig Craig Weller 20 1 2 2
4 Petteri Wirtanen Drayson Bowman Matt Frattin 10 1 2 2
5 vs 5 Defense
Defense Defense Time % Phy DF OF
1 Sami Lepisto Anton Stralman 40 1 2 2
2 Gord Baldwin Thomas Hickey 30 1 2 2
3 Arturs Kulda Matt Taormina 20 1 2 2
4 Sami Lepisto Anton Stralman 10 1 2 2
PowerPlay Forward
Center Left Wing Right Wing Time % Phy DF OF
1 Jesse Winchester Antti Laaksonen Chris Stewart 60 1 2 2
2 Joël Perrault Jiri Tlusty Pavel Brendl 40 1 2 2
PowerPlay Defense
Defense Defense Time % Phy DF OF
1 Sami Lepisto Anton Stralman 60 1 2 2
2 Matt Taormina Thomas Hickey 40 1 2 2
Penalty Kill 4 Players Forward
Center Wing Time % Phy DF OF
1 Petteri Wirtanen Antti Laaksonen 60 1 2 2
2 Jesse Winchester Craig Weller 40 1 2 2
Penalty Kill 4 Players Defense
Defense Defense Time % Phy DF OF
1 Sami Lepisto Anton Stralman 60 1 2 2
2 Gord Baldwin Arturs Kulda 40 1 2 2
Penalty Kill - 3 Players Forward
Forward Time % Phy DF OF
1 Antti Laaksonen 60 1 2 2
2 Craig Weller 40 1 2 2
Penalty Kill - 3 Players Defense
Defense Defense Time % Phy DF OF
1 Sami Lepisto Anton Stralman 60 1 2 2
2 Gord Baldwin Arturs Kulda 40 1 2 2
4 vs 4 Forward
Center Wing Time % Phy DF OF
1 Jesse Winchester Chris Stewart 60 1 2 2
2 Joël Perrault Pavel Brendl 40 1 2 2
4 vs 4 Defense
Defense Defense Time % Phy DF OF
1 Sami Lepisto Anton Stralman 60 1 2 2
2 Gord Baldwin Thomas Hickey 40 1 2 2
Last Minutes Offensive
Center Left Wing Right Wing Defense Defense
Jesse Winchester Antti Laaksonen Chris Stewart Sami Lepisto Anton Stralman
Last Minutes Defensive
Center Left Wing Right Wing Defense Defense
Jesse Winchester Antti Laaksonen Chris Stewart Sami Lepisto Anton Stralman
Goaltenders
Starting : Al Montoya
Backup : Jean-Sébastien Aubin
Extra Forwards
Normal : Nick Bonino, Jiri Tlusty, Petteri Wirtanen - PP : Nick Bonino, Jiri Tlusty - PK : Petteri Wirtanen
Extra Defensemen
Normal : Arturs Kulda, Thomas Hickey, Gord Baldwin - PP : Arturs Kulda - PK : Thomas Hickey, Gord Baldwin
Penalty Shots
Pavel Brendl, Chris Stewart, Craig Weller, Antti Laaksonen, Jesse Winchester
% Time on Ice - Machettes
Lines # - Real PCT - Wanted PCT - Time Play
Normal Forward
1 - 38% - 40% - 15:47
2 - 25% - 30% - 10:15
3 - 22% - 20% - 9:04
4 - 15% - 10% - 6:08
Normal Defense
1 - 42% - 40% - 17:15
2 - 28% - 30% - 11:23
3 - 23% - 20% - 9:28
4 - 8% - 10% - 3:08
PP Forward
1 - 44% - 60% - 3:53
2 - 56% - 40% - 4:58
PP Defense
1 - 61% - 60% - 5:26
2 - 39% - 40% - 3:25
PK Forward
1 - 71% - 60% - 5:39
2 - 29% - 40% - 2:17
PK Defense
1 - 55% - 60% - 4:22
2 - 45% - 40% - 3:34
PK3 Forward
1 - 0% - 60%
2 - 0% - 40%
PK3 Defense
1 - 0% - 60%
2 - 0% - 40%
44 Forward
1 - 69% - 60% - 4:51
2 - 31% - 40% - 2:08
44 Defense
1 - 61% - 60% - 4:14
2 - 39% - 40% - 2:45
Last Minute Offensive - 0:00
Last Minute Defensive - 0:00
Total
Forward - 65:00
Defense - 65:00
|
% Time on Ice - High Goats
Lines # - Real PCT - Wanted PCT - Time Play
Normal Forward
1 - 33% - 40% - 13:42
2 - 25% - 30% - 10:14
3 - 28% - 20% - 11:25
4 - 14% - 10% - 5:53
Normal Defense
1 - 42% - 40% - 17:27
2 - 31% - 30% - 12:45
3 - 27% - 20% - 11:02
4 - 0% - 10% - 0:00
PP Forward
1 - 59% - 60% - 4:39
2 - 41% - 40% - 3:17
PP Defense
1 - 61% - 60% - 4:49
2 - 39% - 40% - 3:07
PK Forward
1 - 69% - 60% - 6:06
2 - 31% - 40% - 2:45
PK Defense
1 - 64% - 60% - 5:38
2 - 36% - 40% - 3:13
PK3 Forward
1 - 0% - 60%
2 - 0% - 40%
PK3 Defense
1 - 0% - 60%
2 - 0% - 40%
44 Forward
1 - 65% - 60% - 4:31
2 - 35% - 40% - 2:28
44 Defense
1 - 53% - 60% - 3:41
2 - 47% - 40% - 3:18
Last Minute Offensive - 0:00
Last Minute Defensive - 0:00
Total
Forward - 65:00
Defense - 65:00
|
Play by Play
1st period
0:01 of 1st period - Jesse Winchester wins face-off versus Eric Godard in neutral zone.
0:26 of 1st period - Anton Stralman is hit by Pavel Vorobiev and loses puck.
0:35 of 1st period - Wrist shot by Pavel Vorobiev.
0:35 of 1st period - Shot Blocked by Anton Stralman.
0:37 of 1st period - Slapshot by Alexandre Picard.
0:37 of 1st period - Shot Misses the Net.
1:09 of 1st period - Gord Baldwin is hit by Alexandre Picard and loses puck.
1:38 of 1st period - Off-side.
1:39 of 1st period - Peter Olvecky wins face-off versus Pavel Brendl in neutral zone.
1:44 of 1st period - Wrist shot by Pavel Vorobiev.
1:44 of 1st period - Shot Blocked by Arturs Kulda.
1:48 of 1st period - Snap shot by Pavel Vorobiev.
1:48 of 1st period - Shot Blocked by Arturs Kulda.
1:50 of 1st period - Snap shot by James Wisniewski.
1:50 of 1st period - Deflect By Pavel Vorobiev.
1:50 of 1st period - Shot Misses the Net.
1:50 of 1st period - Puck is out of play.
1:51 of 1st period - Jesse Winchester wins face-off versus Petri Kontiola in High Goats zone.
2:07 of 1st period - Minor Penalty to Eric Godard for Slashing.
2:08 of 1st period - Jesse Winchester wins face-off versus Tyler McNeely in Machettes zone.
2:19 of 1st period - Snap shot by Antti Laaksonen.
2:19 of 1st period - Stopped by Mathieu Garon without a rebound.
2:20 of 1st period - Tyler McNeely wins face-off versus Jesse Winchester in Machettes zone.
3:49 of 1st period - Icing by Anton Stralman.
3:50 of 1st period - Tyler McNeely wins face-off versus Jesse Winchester in High Goats zone.
4:07 of 1st period - Penalty to Eric Godard is over, Eric Godard is back on ice.
4:13 of 1st period - Slapshot by Eric Godard.
4:13 of 1st period - Goal by Eric Godard - Machettes : 1 - High Goats : 0.
4:14 of 1st period - Jesse Winchester wins face-off versus John Mitchell in neutral zone.
4:19 of 1st period - Tom Gilbert is hit by Antti Laaksonen and loses puck.
4:24 of 1st period - Snap shot by Chris Stewart.
4:24 of 1st period - Stopped by Mathieu Garon without a rebound.
4:25 of 1st period - Petri Kontiola wins face-off versus Joël Perrault in Machettes zone.
5:37 of 1st period - Wrist shot by Cory Emmerton.
5:37 of 1st period - Shot Misses the Net.
5:51 of 1st period - Matt Taormina is hit by Sergei Kostitsyn and loses puck.
6:14 of 1st period - Wrist shot by Pavel Vorobiev.
6:14 of 1st period - Stopped by Al Montoya with a rebound.
6:32 of 1st period - Icing by Craig Weller.
6:33 of 1st period - Nick Bonino wins face-off versus Jonathan Matsumoto in High Goats zone.
6:40 of 1st period - Slapshot by Sami Lepisto.
6:40 of 1st period - Shot Blocked by Keith Yandle.
6:42 of 1st period - Wrist shot by Anton Stralman.
6:42 of 1st period - Stopped by Mathieu Garon with a rebound.
6:44 of 1st period - Snap shot by Craig Weller.
6:44 of 1st period - Deflect By Nick Bonino.
6:44 of 1st period - Shot Misses the Net.
6:44 of 1st period - Puck is out of play.
6:45 of 1st period - Petri Kontiola wins face-off versus Jesse Winchester in Machettes zone.
6:45 of 1st period - Petri Kontiola is hit by Gord Baldwin.
6:54 of 1st period - Icing by Antti Laaksonen.
6:55 of 1st period - Jesse Winchester wins face-off versus Petri Kontiola in High Goats zone.
7:20 of 1st period - Slapshot by Jesse Winchester.
7:20 of 1st period - Shot Misses the Net.
7:55 of 1st period - Antti Laaksonen is hit by Eric Godard and loses puck.
8:50 of 1st period - Eric Godard is hit by Jesse Winchester and loses puck.
9:10 of 1st period - Wrist shot by Jesse Winchester.
9:10 of 1st period - Stopped by Mathieu Garon with a rebound.
9:50 of 1st period - Minor Penalty to Jesse Winchester for High sticking.
9:51 of 1st period - Pavel Vorobiev wins face-off versus Petteri Wirtanen in High Goats zone.
9:52 of 1st period - Slapshot by Tom Gilbert.
9:52 of 1st period - Stopped by Al Montoya without a rebound.
9:53 of 1st period - John Mitchell wins face-off versus Petteri Wirtanen in High Goats zone.
9:54 of 1st period - Wrist shot by Pavel Vorobiev.
9:54 of 1st period - Stopped by Al Montoya with a rebound.
9:56 of 1st period - Wrist shot by Tom Gilbert.
9:56 of 1st period - Shot Misses the Net.
9:58 of 1st period - Slapshot by John Mitchell.
9:58 of 1st period - Deflect By Pavel Vorobiev.
9:58 of 1st period - Shot Blocked by Jiri Tlusty.
9:58 of 1st period - Puck is out of play.
9:59 of 1st period - Petteri Wirtanen wins face-off versus John Mitchell in High Goats zone.
10:08 of 1st period - Petteri Wirtanen is hit by John Mitchell and loses puck.
10:17 of 1st period - Snap shot by Pavel Vorobiev.
10:17 of 1st period - Stopped by Al Montoya without a rebound.
10:18 of 1st period - John Mitchell wins face-off versus Petteri Wirtanen in High Goats zone.
11:09 of 1st period - Sami Lepisto is hit by Cory Emmerton and loses puck.
11:50 of 1st period - Penalty to Jesse Winchester is over, Jesse Winchester is back on ice.
11:59 of 1st period - James Wisniewski is hit by Matt Frattin and loses puck.
12:14 of 1st period - Slapshot by Stefan Ruzicka.
12:14 of 1st period - Deflect By Pavel Brendl.
12:14 of 1st period - Shot Misses the Net.
12:14 of 1st period - Puck is out of play.
12:15 of 1st period - Joël Perrault wins face-off versus Jonathan Matsumoto in High Goats zone.
12:20 of 1st period - Keith Yandle is hit by Pavel Brendl and loses puck.
12:36 of 1st period - Minor Penalty to Arturs Kulda for Tripping.
12:37 of 1st period - John Mitchell wins face-off versus Petteri Wirtanen in High Goats zone.
12:40 of 1st period - Slapshot by John Mitchell.
12:40 of 1st period - Stopped by Al Montoya without a rebound.
12:41 of 1st period - Petteri Wirtanen wins face-off versus John Mitchell in High Goats zone.
12:58 of 1st period - Off-side.
12:59 of 1st period - Petri Kontiola wins face-off versus Petteri Wirtanen in neutral zone.
13:06 of 1st period - Slapshot by Tom Gilbert.
13:06 of 1st period - Shot Misses the Net.
13:24 of 1st period - Anton Stralman is hit by John Mitchell and loses puck.
13:31 of 1st period - Snap shot by Tom Gilbert.
13:31 of 1st period - Goal by Tom Gilbert - Machettes : 2 - High Goats : 0.
13:32 of 1st period - John Mitchell wins face-off versus Joël Perrault in neutral zone.
13:44 of 1st period - Minor Penalty to Pavel Brendl for Diving.
13:45 of 1st period - Petteri Wirtanen wins face-off versus Petri Kontiola in High Goats zone.
14:15 of 1st period - Off-side.
14:16 of 1st period - Jesse Winchester wins face-off versus Petri Kontiola in neutral zone.
14:39 of 1st period - Keith Yandle is hit by Antti Laaksonen and loses puck.
14:58 of 1st period - Slapshot by James Wisniewski.
14:58 of 1st period - Stopped by Al Montoya without a rebound.
14:59 of 1st period - Petteri Wirtanen wins face-off versus John Mitchell in High Goats zone.
15:08 of 1st period - Wrist shot by Peter Olvecky.
15:08 of 1st period - Shot Misses the Net.
15:10 of 1st period - Snap shot by Alexandre Picard.
15:10 of 1st period - Stopped by Al Montoya with a rebound.
15:44 of 1st period - Penalty to Pavel Brendl is over, Pavel Brendl is back on ice.
16:02 of 1st period - James Wisniewski is hit by Craig Weller and loses puck.
16:41 of 1st period - Backhand shot by Jesse Winchester.
16:41 of 1st period - Stopped by Mathieu Garon with a rebound.
17:15 of 1st period - Jonathan Matsumoto is hit by Sami Lepisto and loses puck.
17:30 of 1st period - Off-side.
17:31 of 1st period - Joël Perrault wins face-off versus John Mitchell in neutral zone.
17:56 of 1st period - Alexandre Picard is hit by Nick Bonino and loses puck.
18:27 of 1st period - Wrist shot by Stefan Ruzicka.
18:27 of 1st period - Deflect By Jonathan Matsumoto.
18:27 of 1st period - Shot Blocked by Gord Baldwin.
18:27 of 1st period - Puck is out of play.
18:28 of 1st period - Joël Perrault wins face-off versus John Mitchell in High Goats zone.
18:32 of 1st period - Off-side.
18:33 of 1st period - Joël Perrault wins face-off versus John Mitchell in neutral zone.
18:46 of 1st period - Slapshot by Joël Perrault.
18:46 of 1st period - Deflect By John Mitchell.
18:46 of 1st period - Shot Blocked by Peter Olvecky.
18:46 of 1st period - Puck is out of play.
18:47 of 1st period - John Mitchell wins face-off versus Jesse Winchester in Machettes zone.
18:47 of 1st period - John Mitchell is hit by Jesse Winchester.
18:59 of 1st period - Slapshot by John Mitchell.
18:59 of 1st period - Stopped by Al Montoya with a rebound.
19:23 of 1st period - Jiri Tlusty is hit by Petri Kontiola and loses puck.
19:40 of 1st period - Slapshot by Sami Lepisto.
19:40 of 1st period - Shot Blocked by Tom Gilbert.
19:42 of 1st period - Wrist shot by Craig Weller.
19:42 of 1st period - Deflect By Brandon Bollig.
19:42 of 1st period - Stopped by Mathieu Garon without a rebound.
19:43 of 1st period - John Mitchell wins face-off versus Jesse Winchester in Machettes zone.
19:56 of 1st period - Snap shot by Pavel Vorobiev.
19:56 of 1st period - Shot Misses the Net.
2nd period
0:01 of 2nd period - John Mitchell wins face-off versus Joël Perrault in neutral zone.
0:48 of 2nd period - Off-side.
0:49 of 2nd period - Jonathan Matsumoto wins face-off versus Nick Bonino in neutral zone.
1:00 of 2nd period - Snap shot by Stefan Ruzicka.
1:00 of 2nd period - Shot Blocked by Craig Weller.
1:19 of 2nd period - Snap shot by Craig Weller.
1:19 of 2nd period - Stopped by Mathieu Garon with a rebound.
2:01 of 2nd period - Snap shot by Jonathan Matsumoto.
2:01 of 2nd period - Shot Blocked by Brandon Bollig.
2:09 of 2nd period - Backhand shot by Stefan Ruzicka.
2:09 of 2nd period - Shot Hit the Post.
2:23 of 2nd period - Slapshot by Sami Lepisto.
2:23 of 2nd period - Stopped by Mathieu Garon without a rebound.
2:24 of 2nd period - John Mitchell wins face-off versus Joël Perrault in Machettes zone.
2:31 of 2nd period - Snap shot by Pavel Vorobiev.
2:31 of 2nd period - Shot Misses the Net.
2:33 of 2nd period - Snap shot by Pavel Vorobiev.
2:33 of 2nd period - Stopped by Al Montoya without a rebound.
2:34 of 2nd period - Joël Perrault wins face-off versus John Mitchell in High Goats zone.
3:01 of 2nd period - Snap shot by Pavel Brendl.
3:01 of 2nd period - Shot Misses the Net.
3:19 of 2nd period - Pavel Brendl is hit by Peter Olvecky and loses puck.
3:29 of 2nd period - Icing by Jiri Tlusty.
3:30 of 2nd period - Petri Kontiola wins face-off versus Jiri Tlusty in High Goats zone.
3:31 of 2nd period - Wrist shot by Eric Godard.
3:31 of 2nd period - Stopped by Al Montoya with a rebound.
3:45 of 2nd period - Slapshot by Joël Perrault.
3:45 of 2nd period - Stopped by Mathieu Garon without a rebound.
3:46 of 2nd period - Jesse Winchester wins face-off versus Cory Emmerton in Machettes zone.
3:48 of 2nd period - Minor Penalty to Dustin Jeffrey for Boarding.
3:49 of 2nd period - Jesse Winchester wins face-off versus Eric Godard in Machettes zone.
4:08 of 2nd period - Tom Gilbert is hit by Anton Stralman and loses puck.
5:48 of 2nd period - Penalty to Dustin Jeffrey is over, Dustin Jeffrey is back on ice.
5:49 of 2nd period - Snap shot by Nick Bonino.
5:49 of 2nd period - Shot Misses the Net.
5:51 of 2nd period - Slapshot by Arturs Kulda.
5:51 of 2nd period - Stopped by Mathieu Garon with a rebound.
5:53 of 2nd period - Backhand shot by Arturs Kulda.
5:53 of 2nd period - Shot Misses the Net.
6:05 of 2nd period - Snap shot by Eric Godard.
6:05 of 2nd period - Goal by Eric Godard - Machettes : 3 - High Goats : 0.
6:06 of 2nd period - Petteri Wirtanen wins face-off versus Cory Emmerton in neutral zone.
6:11 of 2nd period - Icing by Steven Goertzen.
6:12 of 2nd period - Petteri Wirtanen wins face-off versus Cory Emmerton in Machettes zone.
6:45 of 2nd period - Wrist shot by Steven Goertzen.
6:45 of 2nd period - Shot Blocked by Sami Lepisto.
6:47 of 2nd period - Snap shot by Tom Gilbert.
6:47 of 2nd period - Stopped by Al Montoya with a rebound.
7:21 of 2nd period - Slapshot by Pavel Brendl.
7:21 of 2nd period - Shot Misses the Net.
7:28 of 2nd period - Off-side.
7:29 of 2nd period - Jesse Winchester wins face-off versus Petri Kontiola in neutral zone.
7:32 of 2nd period - Snap shot by Antti Laaksonen.
7:32 of 2nd period - Goal by Antti Laaksonen - Machettes : 3 - High Goats : 1.
7:33 of 2nd period - Petri Kontiola wins face-off versus Jesse Winchester in neutral zone.
8:02 of 2nd period - Snap shot by Craig Weller.
8:02 of 2nd period - Goal by Craig Weller - Machettes : 3 - High Goats : 2.
8:03 of 2nd period - Jesse Winchester wins face-off versus Petri Kontiola in neutral zone.
8:12 of 2nd period - Wrist shot by Jesse Winchester.
8:12 of 2nd period - Stopped by Mathieu Garon with a rebound.
8:28 of 2nd period - Peter Olvecky is hit by Joël Perrault and loses puck.
8:47 of 2nd period - Wrist shot by Stefan Ruzicka.
8:47 of 2nd period - Shot Misses the Net.
8:49 of 2nd period - Slapshot by Keith Yandle.
8:49 of 2nd period - Stopped by Al Montoya with a rebound.
8:51 of 2nd period - Snap shot by Keith Yandle.
8:51 of 2nd period - Shot Blocked by Anton Stralman.
9:33 of 2nd period - Eric Godard is hit by Chris Stewart and loses puck.
9:57 of 2nd period - Wrist shot by Joël Perrault.
9:57 of 2nd period - Shot Blocked by Tom Gilbert.
10:11 of 2nd period - Petteri Wirtanen is hit by Tyler McNeely and loses puck.
10:21 of 2nd period - Minor Penalty to Petteri Wirtanen for Slashing.
10:21 of 2nd period - Minor Penalty to Keith Yandle for Roughing.
10:22 of 2nd period - Jesse Winchester wins face-off versus Eric Godard in Machettes zone.
10:31 of 2nd period - Snap shot by Jesse Winchester.
10:31 of 2nd period - Shot Blocked by Tom Gilbert.
11:37 of 2nd period - Snap shot by Nick Bonino.
11:37 of 2nd period - Stopped by Mathieu Garon without a rebound.
11:38 of 2nd period - Jesse Winchester wins face-off versus Eric Godard in Machettes zone.
12:21 of 2nd period - Penalty to Petteri Wirtanen is over, Petteri Wirtanen is back on ice.
12:21 of 2nd period - Penalty to Keith Yandle is over, Keith Yandle is back on ice.
12:38 of 2nd period - Snap shot by Craig Weller.
12:38 of 2nd period - Stopped by Mathieu Garon with a rebound.
12:48 of 2nd period - Cory Emmerton is hit by Drayson Bowman.
12:54 of 2nd period - Snap shot by Steven Goertzen.
12:54 of 2nd period - Shot Blocked by Drayson Bowman.
13:20 of 2nd period - Joël Perrault is hit by John Mitchell and loses puck.
13:31 of 2nd period - James Wisniewski is hit by Craig Weller and loses puck.
14:05 of 2nd period - Snap shot by Jonathan Matsumoto.
14:05 of 2nd period - Stopped by Al Montoya without a rebound.
14:06 of 2nd period - Petteri Wirtanen wins face-off versus John Mitchell in High Goats zone.
14:06 of 2nd period - Petteri Wirtanen is hit by Alexandre Picard.
14:38 of 2nd period - Off-side.
14:39 of 2nd period - Jesse Winchester wins face-off versus John Mitchell in neutral zone.
14:48 of 2nd period - Snap shot by Chris Stewart.
14:48 of 2nd period - Deflect By Antti Laaksonen.
14:48 of 2nd period - Stopped by Mathieu Garon with a rebound.
15:09 of 2nd period - Icing by Arturs Kulda.
15:10 of 2nd period - Petri Kontiola wins face-off versus Nick Bonino in High Goats zone.
15:26 of 2nd period - Backhand shot by Nick Bonino.
15:26 of 2nd period - Shot Blocked by Tom Gilbert.
15:38 of 2nd period - Wrist shot by Craig Weller.
15:38 of 2nd period - Stopped by Mathieu Garon with a rebound.
15:42 of 2nd period - Slapshot by Craig Weller.
15:42 of 2nd period - Stopped by Mathieu Garon with a rebound.
15:54 of 2nd period - Wrist shot by Craig Weller.
15:54 of 2nd period - Shot Blocked by Sergei Kostitsyn.
15:56 of 2nd period - Wrist shot by Nick Bonino.
15:56 of 2nd period - Deflect By Craig Weller.
15:56 of 2nd period - Shot Misses the Net.
15:56 of 2nd period - Puck is out of play.
15:57 of 2nd period - Jesse Winchester wins face-off versus John Mitchell in Machettes zone.
16:06 of 2nd period - Minor Penalty to Jesse Winchester for Tripping.
16:07 of 2nd period - Petteri Wirtanen wins face-off versus Petri Kontiola in High Goats zone.
16:07 of 2nd period - Petteri Wirtanen is hit by Eric Godard.
16:39 of 2nd period - Craig Weller is hit by Pavel Vorobiev and loses puck.
17:58 of 2nd period - Keith Yandle is hit by Anton Stralman and loses puck.
18:06 of 2nd period - Penalty to Jesse Winchester is over, Jesse Winchester is back on ice.
18:10 of 2nd period - Slapshot by Joël Perrault.
18:10 of 2nd period - Shot Misses the Net.
18:16 of 2nd period - Joël Perrault is hit by Jonathan Matsumoto and loses puck.
18:21 of 2nd period - Snap shot by Jonathan Matsumoto.
18:21 of 2nd period - Stopped by Al Montoya with a rebound.
18:23 of 2nd period - Snap shot by Jonathan Matsumoto.
18:23 of 2nd period - Shot Misses the Net.
18:33 of 2nd period - Brett Carson is hit by Joël Perrault and loses puck.
18:40 of 2nd period - Slapshot by Joël Perrault.
18:40 of 2nd period - Stopped by Mathieu Garon with a rebound.
19:13 of 2nd period - Wrist shot by Cory Emmerton.
19:13 of 2nd period - Stopped by Al Montoya with a rebound.
19:15 of 2nd period - Slapshot by Brett Carson.
19:15 of 2nd period - Stopped by Al Montoya with a rebound.
19:17 of 2nd period - Backhand shot by Brett Carson.
19:17 of 2nd period - Stopped by Al Montoya without a rebound.
19:18 of 2nd period - Nick Bonino wins face-off versus John Mitchell in High Goats zone.
19:31 of 2nd period - Wrist shot by Nick Bonino.
19:31 of 2nd period - Shot Misses the Net.
19:43 of 2nd period - Keith Yandle is hit by Matt Frattin.
3rd period
0:01 of 3rd period - Jesse Winchester wins face-off versus John Mitchell in neutral zone.
0:26 of 3rd period - Sami Lepisto is hit by Petri Kontiola and loses puck.
0:53 of 3rd period - Stefan Ruzicka is hit by Brandon Bollig and loses puck.
1:36 of 3rd period - Slapshot by Tom Gilbert.
1:36 of 3rd period - Shot Blocked by Antti Laaksonen.
2:07 of 3rd period - Backhand shot by Pavel Brendl.
2:07 of 3rd period - Stopped by Mathieu Garon with a rebound.
3:04 of 3rd period - Steven Goertzen is hit by Anton Stralman.
3:26 of 3rd period - Snap shot by Pavel Vorobiev.
3:26 of 3rd period - Stopped by Al Montoya without a rebound.
3:27 of 3rd period - Nick Bonino wins face-off versus Petri Kontiola in High Goats zone.
3:35 of 3rd period - Minor Penalty to Sergei Kostitsyn for Hooking.
3:36 of 3rd period - Eric Godard wins face-off versus Jesse Winchester in Machettes zone.
3:49 of 3rd period - Wrist shot by Sami Lepisto.
3:49 of 3rd period - Shot Blocked by James Wisniewski.
5:35 of 3rd period - Penalty to Sergei Kostitsyn is over, Sergei Kostitsyn is back on ice.
5:42 of 3rd period - Snap shot by Craig Weller.
5:42 of 3rd period - Stopped by Mathieu Garon without a rebound.
5:43 of 3rd period - Nick Bonino wins face-off versus Petri Kontiola in Machettes zone.
5:56 of 3rd period - Brandon Bollig is hit by Petri Kontiola.
6:04 of 3rd period - Snap shot by Craig Weller.
6:04 of 3rd period - Stopped by Mathieu Garon with a rebound.
6:06 of 3rd period - Snap shot by Nick Bonino.
6:06 of 3rd period - Shot Blocked by Brett Carson.
6:06 of 3rd period - Brett Carson from Machettes is injured at 6:06 of 3rd period (Torso).
6:07 of 3rd period - Petri Kontiola wins face-off versus Jesse Winchester in Machettes zone.
6:16 of 3rd period - Slapshot by Petri Kontiola.
6:16 of 3rd period - Shot Misses the Net.
6:22 of 3rd period - Slapshot by Sami Lepisto.
6:22 of 3rd period - Shot Blocked by Tom Gilbert.
6:34 of 3rd period - Slapshot by Nick Bonino.
6:34 of 3rd period - Stopped by Mathieu Garon without a rebound.
6:35 of 3rd period - John Mitchell wins face-off versus Nick Bonino in Machettes zone.
6:35 of 3rd period - John Mitchell is hit by Brandon Bollig.
7:06 of 3rd period - Chris Stewart is hit by Tyler McNeely and loses puck.
7:28 of 3rd period - Wrist shot by Sergei Kostitsyn.
7:28 of 3rd period - Shot Misses the Net.
7:30 of 3rd period - Wrist shot by Sergei Kostitsyn.
7:30 of 3rd period - Stopped by Al Montoya without a rebound.
7:31 of 3rd period - Peter Olvecky wins face-off versus Joël Perrault in High Goats zone.
8:38 of 3rd period - Minor Penalty to Dustin Jeffrey for Slashing.
8:39 of 3rd period - Jesse Winchester wins face-off versus Eric Godard in Machettes zone.
8:42 of 3rd period - Slapshot by Chris Stewart.
8:42 of 3rd period - Stopped by Mathieu Garon without a rebound.
8:43 of 3rd period - Eric Godard wins face-off versus Jesse Winchester in Machettes zone.
10:38 of 3rd period - Penalty to Dustin Jeffrey is over, Dustin Jeffrey is back on ice.
11:07 of 3rd period - Slapshot by Alexandre Picard.
11:07 of 3rd period - Shot Misses the Net.
12:19 of 3rd period - Icing by Matt Taormina.
12:20 of 3rd period - Cory Emmerton wins face-off versus Nick Bonino in High Goats zone.
13:13 of 3rd period - Snap shot by Jonathan Matsumoto.
13:13 of 3rd period - Stopped by Al Montoya without a rebound.
13:14 of 3rd period - Petri Kontiola wins face-off versus Petteri Wirtanen in High Goats zone.
13:19 of 3rd period - Snap shot by Petri Kontiola.
13:19 of 3rd period - Stopped by Al Montoya with a rebound.
13:25 of 3rd period - Snap shot by Sergei Kostitsyn.
13:25 of 3rd period - Stopped by Al Montoya without a rebound.
13:26 of 3rd period - Jesse Winchester wins face-off versus John Mitchell in High Goats zone.
13:37 of 3rd period - Wrist shot by Chris Stewart.
13:37 of 3rd period - Stopped by Mathieu Garon without a rebound.
13:38 of 3rd period - Jesse Winchester wins face-off versus John Mitchell in Machettes zone.
13:39 of 3rd period - Slapshot by Antti Laaksonen.
13:39 of 3rd period - Stopped by Mathieu Garon without a rebound.
13:40 of 3rd period - Jesse Winchester wins face-off versus John Mitchell in Machettes zone.
13:46 of 3rd period - Slapshot by Chris Stewart.
13:46 of 3rd period - Shot Blocked by Peter Olvecky.
13:52 of 3rd period - Snap shot by Antti Laaksonen.
13:52 of 3rd period - Shot Misses the Net.
13:54 of 3rd period - Wrist shot by Chris Stewart.
13:54 of 3rd period - Shot Hit the Post.
14:07 of 3rd period - Minor Penalty to Joël Perrault for Hooking.
14:08 of 3rd period - Petri Kontiola wins face-off versus Petteri Wirtanen in High Goats zone.
14:13 of 3rd period - Slapshot by Petri Kontiola.
14:13 of 3rd period - Shot Blocked by Sami Lepisto.
14:15 of 3rd period - Wrist shot by Petri Kontiola.
14:15 of 3rd period - Shot Misses the Net.
14:17 of 3rd period - Snap shot by Petri Kontiola.
14:17 of 3rd period - Shot Misses the Net.
14:19 of 3rd period - Slapshot by James Wisniewski.
14:19 of 3rd period - Stopped by Al Montoya with a rebound.
14:21 of 3rd period - Slapshot by Tom Gilbert.
14:21 of 3rd period - Stopped by Al Montoya with a rebound.
14:23 of 3rd period - Slapshot by Tom Gilbert.
14:23 of 3rd period - Shot Misses the Net.
14:45 of 3rd period - Snap shot by Craig Weller.
14:45 of 3rd period - Stopped by Mathieu Garon without a rebound.
14:46 of 3rd period - Petri Kontiola wins face-off versus Petteri Wirtanen in Machettes zone.
16:07 of 3rd period - Penalty to Joël Perrault is over, Joël Perrault is back on ice.
16:17 of 3rd period - Slapshot by Pavel Brendl.
16:17 of 3rd period - Stopped by Mathieu Garon with a rebound.
16:19 of 3rd period - Snap shot by Pavel Brendl.
16:19 of 3rd period - Shot Misses the Net.
16:21 of 3rd period - Slapshot by Anton Stralman.
16:21 of 3rd period - Shot Misses the Net.
16:57 of 3rd period - Gord Baldwin is hit by Alexandre Picard and loses puck.
17:38 of 3rd period - Slapshot by Tom Gilbert.
17:38 of 3rd period - Deflect By Jonathan Matsumoto.
17:38 of 3rd period - Shot Blocked by Jesse Winchester.
17:38 of 3rd period - Puck is out of play.
17:39 of 3rd period - Nick Bonino wins face-off versus Jonathan Matsumoto in High Goats zone.
17:44 of 3rd period - Thomas Hickey is hit by Tom Gilbert.
17:52 of 3rd period - Slapshot by Craig Weller.
17:52 of 3rd period - Stopped by Mathieu Garon with a rebound.
17:54 of 3rd period - Slapshot by Thomas Hickey.
17:54 of 3rd period - Stopped by Mathieu Garon without a rebound.
17:55 of 3rd period - Petteri Wirtanen wins face-off versus Petri Kontiola in Machettes zone.
17:58 of 3rd period - Slapshot by Anton Stralman.
17:58 of 3rd period - Stopped by Mathieu Garon with a rebound.
18:00 of 3rd period - Slapshot by Petteri Wirtanen.
18:00 of 3rd period - Shot Blocked by James Wisniewski.
18:02 of 3rd period - Slapshot by Sami Lepisto.
18:02 of 3rd period - Shot Blocked by James Wisniewski.
18:04 of 3rd period - Snap shot by Matt Frattin.
18:04 of 3rd period - Goal by Matt Frattin - Machettes : 3 - High Goats : 3.
18:05 of 3rd period - Craig Weller wins face-off versus Jonathan Matsumoto in neutral zone.
18:50 of 3rd period - Slapshot by Antti Laaksonen.
18:50 of 3rd period - Shot Misses the Net.
18:52 of 3rd period - Snap shot by Antti Laaksonen.
18:52 of 3rd period - Shot Misses the Net.
18:54 of 3rd period - Snap shot by Chris Stewart.
18:54 of 3rd period - Shot Blocked by Petri Kontiola.
18:56 of 3rd period - Snap shot by Gord Baldwin.
18:56 of 3rd period - Shot Blocked by Keith Yandle.
18:58 of 3rd period - Snap shot by Antti Laaksonen.
18:58 of 3rd period - Deflect By Chris Stewart.
18:58 of 3rd period - Stopped by Mathieu Garon with a rebound.
19:00 of 3rd period - Slapshot by Gord Baldwin.
19:00 of 3rd period - Stopped by Mathieu Garon without a rebound.
19:01 of 3rd period - Jonathan Matsumoto wins face-off versus Nick Bonino in Machettes zone.
19:12 of 3rd period - Snap shot by Jonathan Matsumoto.
19:12 of 3rd period - Stopped by Al Montoya without a rebound.
19:13 of 3rd period - Jonathan Matsumoto wins face-off versus Nick Bonino in High Goats zone.
19:14 of 3rd period - Wrist shot by Stefan Ruzicka.
19:14 of 3rd period - Stopped by Al Montoya with a rebound.
19:18 of 3rd period - Slapshot by Stefan Ruzicka.
19:18 of 3rd period - Shot Blocked by Anton Stralman.
19:20 of 3rd period - Snap shot by Jonathan Matsumoto.
19:20 of 3rd period - Stopped by Al Montoya without a rebound.
19:21 of 3rd period - Jonathan Matsumoto wins face-off versus Nick Bonino in High Goats zone.
19:34 of 3rd period - Slapshot by Stefan Ruzicka.
19:34 of 3rd period - Stopped by Al Montoya without a rebound.
19:35 of 3rd period - Petteri Wirtanen wins face-off versus Jonathan Matsumoto in High Goats zone.
19:35 of 3rd period - Petteri Wirtanen is hit by Tyler McNeely.
19:43 of 3rd period - Slapshot by Sami Lepisto.
19:43 of 3rd period - Shot Misses the Net.
Overtime #1
0:01 of 1st overtime period - Jesse Winchester wins face-off versus Eric Godard in neutral zone.
0:06 of 1st overtime period - Snap shot by Jesse Winchester.
0:06 of 1st overtime period - Shot Misses the Net.
0:39 of 1st overtime period - Icing by Joël Perrault.
0:40 of 1st overtime period - Joël Perrault wins face-off versus Stefan Ruzicka in High Goats zone.
0:49 of 1st overtime period - Wrist shot by Joël Perrault.
0:49 of 1st overtime period - Shot Misses the Net.
0:51 of 1st overtime period - Snap shot by Joël Perrault.
0:51 of 1st overtime period - Stopped by Mathieu Garon without a rebound.
0:52 of 1st overtime period - Eric Godard wins face-off versus Jesse Winchester in Machettes zone.
0:58 of 1st overtime period - Off-side.
0:59 of 1st overtime period - Jesse Winchester wins face-off versus Eric Godard in neutral zone.
1:37 of 1st overtime period - Off-side.
1:38 of 1st overtime period - Stefan Ruzicka wins face-off versus Joël Perrault in neutral zone.
2:47 of 1st overtime period - Eric Godard is hit by Sami Lepisto and loses puck.
3:10 of 1st overtime period - Stefan Ruzicka is hit by Pavel Brendl and loses puck.
3:21 of 1st overtime period - Thomas Hickey is hit by Eric Godard and loses puck.
4:17 of 1st overtime period - Jonathan Matsumoto is hit by Pavel Brendl and loses puck.
4:30 of 1st overtime period - Joël Perrault is hit by Alexandre Picard and loses puck.
ShootOut
5:00 of 1st overtime period - Penalty Shot by Eric Godard for Machettes.
5:00 of 1st overtime period - Backhand shot by Eric Godard.
5:00 of 1st overtime period - Stopped by Al Montoya.
5:00 of 1st overtime period - Penalty Shot by Pavel Brendl for High Goats.
5:00 of 1st overtime period - Deke by Pavel Brendl.
5:00 of 1st overtime period - Stopped by Mathieu Garon.
5:00 of 1st overtime period - Penalty Shot by Pavel Vorobiev for Machettes.
5:00 of 1st overtime period - Wrist shot by Pavel Vorobiev.
5:00 of 1st overtime period - Stopped by Al Montoya.
5:00 of 1st overtime period - Penalty Shot by Chris Stewart for High Goats.
5:00 of 1st overtime period - Wrist shot by Chris Stewart.
5:00 of 1st overtime period - Stopped by Mathieu Garon.
5:00 of 1st overtime period - Penalty Shot by Stefan Ruzicka for Machettes.
5:00 of 1st overtime period - Wrist shot by Stefan Ruzicka.
5:00 of 1st overtime period - Goal by Stefan Ruzicka.
5:00 of 1st overtime period - Penalty Shot by Craig Weller for High Goats.
5:00 of 1st overtime period - Backhand shot by Craig Weller.
5:00 of 1st overtime period - Shot Misses the Net.
Output by the SimonT Hockey Simulator (STHS) for Pascal Landry -- Original Page W3C XHTML 1.0 Valid